 Dungeon Crawl Stone Soup version 0.19-a0-1899-g2d93087 (webtiles) character file.

742 qqqbard the Digger (level 7, -7/36 HPs)
             Began as a Gargoyle Earth Elementalist on Oct 19, 2016.
             Killed from afar by a centaur (12 damage)
             ... with an exploding inner flame
             ... hexed by the player character
             ... on level 4 of the Dungeon.
             The game lasted 00:11:19 (3945 turns).

qqqbard the Digger (Gargoyle Earth Elementalist)    Turns: 3945, Time: 00:11:21

Health: -7/36      AC:  6    Str: 11    XL:     7   Next: 76%
Magic:  4/15       EV: 12    Int: 18    God:
Gold:   176        SH:  0    Dex: 10    Spells: 4 memorised, 7 levels left

rFire  . . .     SeeInvis .     a - +0 quarterstaff
rCold  + . .     Gourm    .     c - +0 robe
rNeg   + . .     Faith    .     (shield currently unavailable)
rPois  ∞         Spirit   .     (no helmet)
rElec  +         Reflect  .     (no cloak)
rCorr  .         Harm     .     (no gloves)
MR     .....                    (no boots)
Stlth  ++........               (no amulet)
                                (no ring)
                                n - ring of protection from cold

@: about to teleport
A: negative energy resistance 1, electricity resistance, unbreathing,
petrification resistance, rot immunity, AC +4
a: no special abilities


You were on level 4 of the Dungeon.
You were not hungry.

You visited 1 branch of the dungeon, and saw 4 of its levels.

You collected 176 gold pieces.

Inventory:

Hand Weapons
 a - a +0 quarterstaff (weapon)
Missiles
 b - 42 stones (quivered)
Armour
 c - a +0 robe (worn)
Jewellery
 j - a cursed ring of teleportation {unknown}
 n - a ring of protection from cold (left hand)
Wands
 A - a wand of flame (26/48)
Scrolls
 f - a scroll of noise {unknown}
 g - 3 scrolls of fear {unknown}
 l - 2 scrolls of remove curse {unknown}
 p - 2 scrolls of amnesia {unknown}
 u - 2 scrolls of blinking {unknown}
 C - 4 scrolls of identify {unknown}
Potions
 i - a potion of might {unknown}
 m - a potion of curing
 r - a potion of lignification {unknown}
 s - a potion of cancellation {unknown}
 v - a potion of brilliance {unknown}
 z - a potion of haste {unknown}
Books
 e - a book of Geomancy

   Spells                             Type                      Level
   a - Sandblast                      Earth                        1
   b - Passwall                       Transmutation/Earth          2
   c - Stone Arrow                    Conjuration/Earth            3
   d - Petrify                        Transmutation/Earth          4
   e - Lee's Rapid Deconstruction     Earth                        5
 w - a book of Misfortune

   Spells                             Type                      Level
   a - Confusing Touch                Hexes                        1
   b - Confuse                        Hexes                        3
   c - Gell's Gravitas                Hexes/Translocation          3
   d - Petrify                        Transmutation/Earth          4
   e - Metabolic Englaciation         Hexes/Ice                    5
   f - Yara's Violent Unravelling     Hexes/Transmutation          5
Comestibles
 d - 2 bread rations
 h - 3 meat rations
 k - a royal jelly
 t - a beef jerky
 B - 5 chunks of flesh


   Skills:
 - Level 1.5 Dodging
 - Level 2.1 Stealth
 * Level 5.7 Spellcasting
 + Level 4.2 Conjurations
   Level 0.7 Transmutations
 + Level 6.1 Earth Magic


You had 7 spell levels left.
You knew the following spells:

 Your Spells              Type           Power        Failure   Level  Hunger
a - Sandblast             Erth           ####..       1%          1    None
b - Stone Arrow           Conj/Erth      ###...       4%          3    ##.....
c - Lee's Rapid Deconstr  Erth           ####......   28%         5    #####..
d - Confusing Touch       Hex            #.....       14%         1    None


Dungeon Overview and Level Annotations

Branches:
Dungeon (4/15)
 Temple: D:4-7

Altars:
Gozag
Nemelex Xobeh
Qazlal
Xom
Yredelemnul


Innate Abilities, Weirdness & Mutations

You are resistant to torment.
Your stone body is resilient. (AC +4)
You are immune to poison.
You resist negative energy. (rN+)
You are resistant to electric shocks. (rElec)
You can survive without breathing.
You are immune to petrification.
You are immune to rotting.


Message History

Your hound skeleton bites the ogre.
Your water moccasin skeleton bites the ogre.
Your orc wizard hits the ogre with a dagger of electrocution.
Your orc completely misses the centaur.
Your orc priest casts a cantrip, but nothing happens.
There are monsters nearby!
You catch the helpless ogre completely off-guard!
You hit the ogre.
The ogre is almost dead.
The centaur hits you.
* * * LOW HITPOINT WARNING * * *
Your hound skeleton bites the ogre.
The ogre explodes!
The fiery explosion engulfs the centaur.
The centaur explodes!
The fiery explosion engulfs your orc.
You kill your orc!
Your orc's corpse dissolves into shadows!
The fiery explosion engulfs you!
You die...

*,...............# ##.....
**.............#.####......
*#.....#........##....####
#######.######.##...###..
#.### *.#####....# #)..##
**#***###### #§#§.## **∩**
#§§§Z.# **,_,*
#§@§oo##*,,,,*
##o§Z.(#*,,,** ###
##o#.(#**,** #..
####..#,,### #.. ##...##.#
#.. ####.##..####..
#.####...).....
#.......#####.. ##......##
#..


You could see a friendly orc priest, a friendly orc wizard, 2 friendly orcs, a
friendly water moccasin skeleton and a friendly hound skeleton.

Vanquished Creatures
  Sigmund (D:2)
  Menkaure (D:4)
  An ogre (D:4)
  Blork the orc (D:4)
  A scorpion (D:4)
  A hound (D:4)
  An orc wizard (D:4)
  An iguana (D:4)
  Ijyb (D:2)
  8 adders
  3 worms
  2 dart slugs
  2 leopard geckos (D:4)
  3 orcs
  3 ball pythons
  3 bats
  2 giant cockroaches
  6 goblins
  14 hobgoblins
  8 jackals
  2 quokkas
  7 frilled lizards
  4 kobolds
  A leopard gecko skeleton (D:4)
  7 rats
84 creatures vanquished.

Notes
Turn   | Place    | Note
-------+----------+-------------------------------------------
     0 | D:1      | qqqbard the Gargoyle Earth Elementalist began the quest for the Orb.
     0 | D:1      | Reached XP level 1. HP: 10/10 MP: 3/3
   193 | D:1      | You fall through a shaft!
   490 | D:1      | Reached XP level 2. HP: 15/15 MP: 1/5
   655 | D:2      | Reached skill level 4 in Earth Magic
   857 | D:2      | Found a sparkling altar of Nemelex Xobeh.
   868 | D:2      | Noticed Ijyb
   870 | D:2      | Noticed Sigmund
  1183 | D:2      | Reached XP level 3. HP: 18/19 MP: 1/7
  1203 | D:2      | Learned a level 3 spell: Stone Arrow
  1291 | D:2      | Killed Ijyb
  1291 | D:2      | Reached XP level 4. HP: 18/24 MP: 0/8
  1439 | D:2      | Killed Sigmund
  1439 | D:2      | Reached skill level 5 in Earth Magic
  1439 | D:2      | Reached XP level 5. HP: 15/28 MP: 1/11
  1645 | D:2      | Found a faded altar of an unknown god.
  1751 | D:2      | Reached XP level 6. HP: 32/32 MP: 9/12
  1940 | D:2      | Found a shimmering altar of Xom.
  1942 | D:2      | Found a shimmering altar of Xom.
  1942 | D:2      | Found a glowing silver altar of Zin.
  1944 | D:2      | Found a stormy altar of Qazlal.
  1944 | D:2      | Found a basalt altar of Yredelemnul.
  1944 | D:2      | Found an opulent altar of Gozag.
  2718 | D:3      | Learned a level 5 spell: Lee's Rapid Deconstruction
  2720 | D:3      | Learned a level 1 spell: Confusing Touch
  3153 | D:4      | Noticed Menkaure
  3159 | D:4      | Killed Menkaure
  3213 | D:4      | Noticed Blork the orc
  3230 | D:4      | Killed Blork the orc
  3230 | D:4      | Reached skill level 5 in Spellcasting
  3230 | D:4      | Reached XP level 7. HP: 6/36 MP: 0/14
  3916 | D:4      | Reached skill level 6 in Earth Magic
  3945 | D:4      | Killed from afar by a centaur

Vault maps used:
D:1:      evilmike_arrival_fibonacci_small
D:2:      marbit_many_paths, ecumenical_altar_1, serial_corexii_hall,
          corexii_hall_statues_i, corexii_hall_statues_x, doesnt_xom_only_xom,
          uniq_iyjb, uniq_sigmund
D:3:      cheibrodos_greedy_goblins, first_bread, minivault_5
D:4:      makhleb_blood_cavern_becter, uniq_menkaure, uniq_blork_the_orc

Skill      XL: |  1  2  3  4  5  6  7 |
---------------+----------------------+-----
Earth Magic    | 4 5 6 |  6.1
Spellcasting   | 3 4 5 |  5.7
Conjurations   | 2 3 4 |  4.2
Dodging        | |  1.5
Stealth        | |  2.1
Transmutations | |  0.7

Action                   |  1- 3 |  4- 6 |  7- 9 || total
-------------------------+-------+-------+-------++-------
Melee: Unarmed           |    54 |    43 |       ||    97
       Quarterstaff      |       |       |     9 ||     9
 Cast: Sandblast         |    43 |    80 |    13 ||   136
       Stone Arrow       |       |    16 |    12 ||    28
  Use: Scroll            |       |       |     4 ||     4
       Potion            |       |       |     1 ||     1
 Stab: Distracted        |       |       |     1 ||     1
       Sleeping          |       |       |     1 ||     1
  Eat: Chunk             |       |     9 |     3 ||    12
Armor: Robe              |    20 |    38 |     4 ||    62
Dodge: Dodged            |   102 |    67 |    26 ||   195
